 Dungeon Crawl Stone Soup version 0.29-a0-360-g8ed1089bbe (webtiles) character file.

Game seed: 2357827878558687745

3 spaghetti the Grave Robber (level 1, -1/13 HPs)
             Began as a Vine Stalker Necromancer on Apr 28, 2022.
             Succumbed to a kobold's poison
             ... on level 1 of the Dungeon.
             The game lasted 00:00:21 (92 turns).

spaghetti the Grave Robber (Vine Stalker Necromancer) Turns: 92, Time: 00:00:22

Health: -1/13      AC:  2    Str: 10    XL:     1   Next: 50%
Magic:  1/4        EV: 12    Int: 15    God:
Gold:   6          SH:  0    Dex: 14    Spells: 3/4 levels left

rFire   . . .      SeeInvis .   (no weapon)
rCold   . . .      Faith    .   (no shield)
rNeg    . . .      Spirit   +   a - +0 robe
rPois   .          Reflect  .   (no helmet)
rElec   .          Harm     .   (no cloak)
rCorr   .          Rampage  .   (no gloves)
Will    .....                   (no boots)
Stlth   ..........              (no amulet)
HPRegen 0.04/turn               (no ring)
MPRegen 0.09/turn               (no ring)

@: berserking, lethally poisoned (-1 -> -13), very slightly contaminated, very
quick
A: fangs 2, magic shield, antimagic bite, no potion heal 2
a: no special abilities


You were on level 1 of the Dungeon.
You visited 1 branch of the dungeon, and saw 1 of its levels.

You collected 6 gold pieces.


Innate Abilities, Weirdness & Mutations

You have extremely sharp teeth.
When hurt, damage is shared between your health and your magic reserves.
Your bite disrupts and absorbs the magic of your enemies.
Potions cannot restore your health.


   Skills:
 - Level 1.5 Dodging
 - Level 2.4 Stealth
 - Level 2.1 Spellcasting
 + Level 4.2 Necromancy


You had 3 spell levels left.
You knew the following spells:

 Your Spells              Type           Power      Damage    Failure   Level
a - Pain                  Necr           56%        1d6       4%          1

Your spell library contained the following spells:

 Spells                   Type           Power      Damage    Failure   Level
 Animate Skeleton         Necr           28%        N/A       4%          1
 Vampiric Draining        Necr           14%        2d7       12%         3
 Animate Dead             Necr           7%         N/A       36%         4
 Agony                    Necr           14%        N/A       73%         5

Inventory:

Missiles
 c - 24 stones {throwing}
Armour
 a - a +0 robe (worn)
Scrolls
 e - a scroll of fear {unknown}
Potions
 b - a potion of magic
 d - a potion of berserk rage {!q}

Dungeon Overview and Level Annotations

Branches:
Dungeon (1/15)

Altars:

....# ....# ....#
##.#.# # ###....#.##
.S....... ... #.K..#
..# #g# .. ##@# ..
##.(#.# .# # #...#.###
.# #.#>#.#...... #.#
###..##.##.##.# ..####
............#
.....#..###..##.#...#
####.#........#...##..#
## #.#.#####.....##
#.##


You could see a hobgoblin, a ball python and a kobold.


Message History

Options error: Delay interrupt name "hungry" not recognised. (~/.crawlrc:4761) Options error: Bad monster_list_colour key: strict_neutral (~/.crawlrc:4776) Bad channel name for runrest: 'pray:' ✅ Successfully initialized magus.rc [v1.9.6] Welcome, spaghetti the Vine Stalker Necromancer.
Below lies the Orb of Zot, rumoured to be powerful enough to resurrect a god...
Press ? for a list of commands and other information.
Found a staircase leading out of the dungeon.
Found an escape hatch in the floor.
c - 8 stones {throwing}
c - 24 stones {throwing} (gained 16)
d - 2 black potions
e - a scroll labelled FOICONE MUCS You now have 6 gold pieces.
A ball python comes into view.
The ball python hisses angrily.
The ball python writhes in agony. 😕 HP[-1] MP[-1]
You take 1 damage, and now have 8/9 hp.
You lost 1 mp, and now have 3/4 mp.
You are too injured to fight recklessly!
You are too injured to fight recklessly!
You are too injured to fight recklessly!
You are too injured to fight recklessly!
You barely miss the ball python. You bite the ball python.
You kill the ball python!
A kobold comes into view.
It is wielding a +0 club. 😎 HP[+1] MP[+1]
Your hp is fully restored (9).
Your mp is fully restored (4).
A kobold is nearby!
A kobold is nearby!
A kobold is nearby!
A ball python comes into view.
The kobold shouts!
The ball python hisses angrily.
You hear a shout!
Found a stone staircase leading down.
You hear a shout!
The kobold writhes in agony.
You kill the kobold! 😕 HP[-1] MP[-1]
You take 1 damage, and now have 8/9 hp.
You lost 1 mp, and now have 3/4 mp.
You are too injured to fight recklessly!
You are too injured to fight recklessly!
You are too injured to fight recklessly!
You are too injured to fight recklessly!
You are too injured to fight recklessly!
A kobold comes into view. It is wielding a +0 whip.
You see here 25 stones {throwing}.
You are too injured to fight recklessly!
A kobold comes into view.
It is wielding a +2 short sword of venom.
Things that are here:
a +0 club {mace}; 3 stones {throwing} You are too injured to fight recklessly!
Casting: Pain (safe; 4% risk of failure)
Confirm with . or Enter, or press ? or * to list all spells.
Aiming: Pain (safe; 4% risk of failure)
Press: ? - help, Shift-Dir - straight line, f - kobold
Aim: a kobold, wielding a +0 whip (chance to affect: 83%)
You miscast Pain.
You are very lightly contaminated with residual magic.
Nothing appears to happen. 😕 MP[-1]
You lost 1 mp, and now have 2/4 mp.
Casting: Pain (safe; 4% risk of failure)
Confirm with . or Enter, or press ? or * to list all spells.
Aiming: Pain (safe; 4% risk of failure)
Press: ? - help, Shift-Dir - straight line, f/p - kobold
Aim: a kobold, wielding a +0 whip (chance to affect: 83%)
You miscast Pain.
Nothing appears to happen. 😕 MP[-1]
You lost 1 mp, and now have 1/4 mp.
Casting: Pain (safe; 4% risk of failure)
Confirm with . or Enter, or press ? or * to list all spells.
Aiming: Pain (safe; 4% risk of failure)
Press: ? - help, Shift-Dir - straight line, f/p - kobold
Aim: a kobold, wielding a +0 whip (chance to affect: 83%)
The kobold writhes in agony.
You kill the kobold! 😕 HP[-1] MP[-1]
You take 1 damage, and now have 7/9 hp.
You lost 1 mp, and now have 0/4 mp.
A hobgoblin comes into view.
Things that are here:
a +0 whip {mace}; a kobold corpse The hobgoblin shouts!
You hit the kobold.
The kobold hits you with a +2 short sword of venom.
* * * LOW HITPOINT WARNING * * *
You are lethally poisoned! 😨 HP[-3]
You take 3 damage, and now have 4/9 hp.
MASSIVE DAMAGE!! (PAUSE)
* * * LOW HITPOINT WARNING * * *
You feel very sick.
Things that are here:
a +0 club {mace}; 3 stones {throwing}; 😱 HP[-3] MP[+1]
You take 3 damage, and now have 1/9 hp.
MASSIVE DAMAGE!! (PAUSE) It was a potion of berserk rage.
A red film seems to cover your vision as you go berserk!
You feel yourself moving faster!
You feel mighty!
You die...

Action                   || total
-------------------------++-------
Melee: Unarmed           ||     2
       Bite              ||     1
 Cast: Pain              ||     3
  Use: Potion            ||     1

Levels and vault maps discovered:
D:1:      amcnicky_arrival_feature_with_door, layout_loops_ring, serial_shops,
          nicolae_shop_crystal, lemuel_flame_loot_1

Notes
Turn   | Place    | Note
-------+----------+-------------------------------------------
     0 | D:1      | spaghetti the Vine Stalker Necromancer began the quest for
                  | the Orb.
     0 | D:1      | Reached XP level 1. HP: 9/9 MP: 4/4
     0 | D:1      | magus.rc [v1.9.6]
    91 | D:1      | HP: 1/9 [poisoned by a kobold]
    92 | D:1      | Succumbed to a kobold's poison

Vanquished Creatures
  2 kobolds (D:1)
  A ball python (D:1)
3 creatures vanquished.

Table legend:
 A = Non-vault XP
 B = Vault XP
 C = Vault XP percentage of total XP
 D = Non-vault monster count
 E = Vault monster count
 F = Vault count percentage of total count
                 A         B        C        D         E       F
            +---------+---------+-------+---------+---------+-------
      Total |       5 |       0 |   0.0 |       3 |       0 |   0.0
            +---------+---------+-------+---------+---------+-------
        D:1 |       5 |       0 |   0.0 |       3 |       0 |   0.0
            +---------+---------+-------+---------+---------+-------

Illustrated notes

Table legend:
 A = Kills in this place as a percentage of kills in entire the game.
 B = Kills by you in this place as a percentage of kills by you in the entire game.
 C = Kills by friends in this place as a percentage of kills by friends in the entire game.
 D = Other kills in this place as a percentage of other kills in the entire game.
 E = Experience gained in this place as a percentage of experience gained in the entire game.
 F = Experience gained in this place divided by the number of levels of this place that you have seen.
                   A       B       C       D       E      F
               +-------+-------+-------+-------+-------+----------------------
         Total | 100.0 | 100.0 |   N/A |   N/A | 100.0 |   5.0
       Dungeon | 100.0 | 100.0 |   N/A |   N/A | 100.0 |   5.0
               +-------+-------+-------+-------+-------+----------------------

Table legend: (Time is in decaauts)
 A = Elapsed time spent in this place.
 B = Non-inter-level travel time spent in this place.
 C = Inter-level travel time spent in this place.
 D = Time resting spent in this place.
 E = Time spent auto-exploring this place.
 F = Levels seen in this place.
 G = Mean time per level.
                   A        B        C        D        E       F      G
               +--------+--------+--------+--------+--------+-----+--------+
         Total |     92 |     92 |      0 |      0 |     70 |   1 |   92.0 |
       Dungeon |     92 |     92 |      0 |      0 |     70 |   1 |   92.0 |
               +--------+--------+--------+--------+--------+-----+--------+

Top non-repeatable levels by time:
     D:1: 92 daAuts
